Map: [ESL] Royal Blood

Players

DRG

  • Race: Zerg Zerg

herO - Winner!

  • Race: Protoss Protoss

Event: IEM Katowice 2023

VOD

Have the link to the VOD?

Description

Time

  • Played on: Feb. 9, 2023, 10:07 a.m.
  • Length: 9:43

All games in this series

Show
View Real Time Build Order
Export as new Build Order

DRG Zerg 

Build Orders: Hatch First 

Get SALT Encoding   

  12  0:00  Drone  
  13  0:11  Overlord  
  13  0:16  Drone  
  14  0:30  Drone x2  
  14  0:33  Drone  
  17  0:51  Hatchery  
  17  0:54  Drone  
  17  0:57  Drone  
  18  1:06  Drone  
  18  1:08  Extractor  
  18  1:16  Spawning Pool  
  17  1:19  Drone  
  18  1:27  Drone  
  19  1:38  Drone  
  20  1:48  Drone  
  21  1:59  Overlord  
  21  2:03  Queen x2  
  21  2:04  Zergling x2  
  26  2:10  Zergling x2  
  26  2:14  Metabolic Boost  
  28  2:15  Zergling x2  
  28  2:20  Drone  
  29  2:25  Drone  
  30  2:31  Drone  
  30  2:35  Drone  
  32  2:40  Hatchery  
  31  2:46  Queen  
  31  2:51  Overlord  
  33  2:54  Drone  
  33  2:57  Drone  
  35  3:01  Overlord  
  35  3:08  Queen  
  35  3:12  Drone  
  38  3:13  Drone x2  
  38  3:17  Drone x2  
  42  3:21  Drone  
  42  3:26  Queen  
  45  3:28  Drone  
  45  3:30  Drone  
  45  3:32  Drone  
  48  3:41  Overlord  
  48  3:43  Spore Crawler  
  48  3:45  Queen  
  48  3:49  Zergling x4  
  48  3:53  Drone x2  
  51  3:57  Drone  
  51  3:58  Drone  
  51  4:02  Drone x2, Evolution Chamber  
  54  4:06  Drone  
  54  4:07  Drone x2  
  54  4:09  Drone  
  57  4:12  Spore Crawler  
  57  4:13  Drone  
  57  4:16  Drone  
  58  4:22  Overlord  
  58  4:25  Queen  
  58  4:27  Overlord  
  58  4:28  Drone x2  
  60  4:33  Zerg Melee Weapons Level 1  
  60  4:35  Drone x3  
  60  4:38  Drone  
  64  4:40  Zergling x2  
  64  4:42  Drone x2  
  67  4:46  Drone x2  
  67  4:49  Roach Warren  
  68  4:53  Drone  
  68  4:54  Overlord  
  68  4:59  Drone x5  
  74  5:02  Overlord  
  74  5:03  Drone x2  
  76  5:07  Overlord  
  76  5:08  Lair  
  76  5:13  Drone  
  76  5:14  Drone  
  76  5:16  Spore Crawler  
  76  5:19  Zergling x4  
  74  5:25  Drone  
  75  5:29  Drone x8  
  75  5:33  Drone  
  75  5:35  Drone x2  
  83  5:36  Extractor x2  
  83  5:39  Drone  
  83  5:42  Drone x3  
  85  5:45  Drone x2  
  85  5:47  Extractor x2  
  85  5:52  Hatchery  
  85  5:54  Drone  
  85  6:00  Drone  
  86  6:04  Overlord  
  86  6:06  Drone x2, Evolution Chamber  
  86  6:08  Hydralisk Den  
  86  6:09  Zergling x6  
  89  6:13  Overlord x3  
  89  6:15  Overlord  
  89  6:16  Overlord  
  89  6:18  Overlord  
  89  6:21  Overlord  
  89  6:23  Overlord  
  89  6:25  Zergling x6  
  92  6:30  Zerg Melee Weapons Level 2  
  92  6:34  Overlord  
  92  6:39  Zerg Missile Weapons Level 1  
  92  6:40  Grooved Spines  
  92  6:41  Drone  
  92  6:42  Drone x8  
  101  6:56  Drone, Hatchery  
  101  6:57  Drone x2  
  101  6:58  Extractor  
  101  7:00  Drone x3  
  104  7:02  Spire  
  104  7:04  Extractor  
  104  7:05  Extractor  
  104  7:06  Drone x4  
  104  7:08  Spore Crawler  
  102  7:10  Drone  
  102  7:11  Drone x2  
  102  7:13  Hydralisk x2  
  108  7:17  Hydralisk x2  
  112  7:24  Hydralisk x4  
  112  7:26  Overseer  
  120  7:31  Hydralisk x2  
  120  7:32  Hydralisk  
  120  7:36  Drone  
  127  7:38  Baneling Nest  
  127  7:41  Hydralisk x3  
  132  7:44  Zergling x6  
  132  7:48  Hydralisk x2  
  139  7:55  Overlord  
  139  8:00  Overlord  
  139  8:04  Hydralisk x6  
  151  8:10  Overlord x3  
  151  8:16  Corruptor x3  
  157  8:29  Drone x2  
  157  8:30  Spine Crawler x2  
  157  8:31  Corruptor x2  
  161  8:37  Hydralisk x3  
  161  8:39  Zergling x2  
  161  8:40  Zergling x2  
  169  8:43  Zergling x2  
  169  8:44  Zergling x8  
  174  8:53  Zergling x14  
  181  9:00  Zergling x2  
  181  9:01  Zergling x10  
  183  9:07  Corruptor  
  183  9:08  Corruptor x2  
  187  9:12  Zergling x10  
  187  9:15  Zergling x8  
  185  9:18  Baneling x6  
Show
View Real Time Build Order
Export as new Build Order

herO Protoss - Winner!

Build Orders: 1 Gate Expand, Double Forge, Oracle Opening 

Get SALT Encoding   

  12  0:00  Probe  
  13  0:12  Probe  
  14  0:17  Pylon  
  14  0:24  Probe (Chrono Boost)  
  16  0:36  Probe (Chrono Boost)  
  16  0:43  Gateway, Probe (Chrono Boost)  
  16  0:47  Assimilator  
  17  0:50  Probe  
  18  1:03  Probe  
  19  1:15  Probe  
  20  1:25  Nexus  
  20  1:36  Cybernetics Core  
  20  1:37  Probe  
  21  1:43  Assimilator  
  21  1:49  Probe  
  21  1:53  Pylon  
  22  2:01  Probe  
  23  2:09  Adept (Chrono Boost)  
  23  2:13  Probe  
  26  2:16  Stargate  
  26  2:24  Warp Gate  
  26  2:25  Probe (Chrono Boost)  
  27  2:32  Adept  
  30  2:37  Probe (Chrono Boost)  
  30  2:40  Probe (Chrono Boost)  
  31  2:47  Probe (Chrono Boost)  
  31  2:49  Probe (Chrono Boost)  
  33  2:54  Probe x2 (Chrono Boost)  
  35  3:00  Oracle (Chrono Boost)  
  35  3:03  Probe  
  35  3:04  Probe  
  40  3:08  Adept  
  40  3:10  Pylon  
  42  3:15  Probe  
  42  3:16  Probe  
  44  3:31  Nexus  
  44  3:33  Oracle (Chrono Boost)  
  44  3:39  Probe x2  
  49  3:43  Pylon  
  49  3:53  Probe x2  
  49  3:58  Assimilator  
  49  3:59  Assimilator  
  49  4:01  Forge  
  49  4:05  Probe x2  
  51  4:10  Twilight Council  
  51  4:14  Forge  
  51  4:15  Adept  
  53  4:18  Probe x2  
  55  4:30  Probe x2, Robotics Facility  
  57  4:35  Pylon  
  57  4:36  Stalker  
  59  4:39  Protoss Ground Weapons Level 1  
  59  4:42  Gateway  
  59  4:45  Probe x2 (Chrono Boost)  
  61  4:47  Probe (Chrono Boost)  
  61  4:52  Protoss Ground Armor Level 1  
  62  4:56  Probe (Chrono Boost)  
  62  4:58  Probe x2 (Chrono Boost)  
  65  5:01  Probe (Chrono Boost)  
  65  5:03  Probe x2 (Chrono Boost), Adept  
  69  5:11  Probe  
  70  5:20  Probe  
  70  5:21  Probe, Observer (Chrono Boost)  
  73  5:23  Probe  
  73  5:24  Stalker  
  73  5:25  Gateway  
  73  5:27  Gateway, Blink  
  72  5:33  Probe x2  
  72  5:35  Probe  
  75  5:38  Pylon  
  75  5:41  Gateway, Immortal (Chrono Boost)  
  75  5:46  Probe  
  75  5:47  Probe x2  
  82  5:52  Gateway  
  82  5:55  Pylon  
  82  5:57  Gateway  
  82  6:01  Gateway  
  82  6:05  Assimilator  
  82  6:06  Assimilator  
  82  6:07  Probe x2  
  82  6:08  Probe  
  85  6:12  Immortal (Chrono Boost)  
  85  6:17  Observer  
  89  6:18  Pylon  
  89  6:20  Stalker x2  
  89  6:21  Probe  
  94  6:27  Robotics Bay  
  94  6:29  Robotics Facility  
  94  6:36  Photon Cannon  
  94  6:40  Warp Prism (Chrono Boost)  
  96  6:47  Pylon x2  
  96  6:48  Protoss Ground Weapons Level 2 (Chrono Boost)  
  96  6:51  Stalker x2  
  96  6:53  Protoss Ground Armor Level 2 (Chrono Boost)  
  100  6:58  Stalker x2  
  104  7:14  Colossus x2 (Chrono Boost)  
  104  7:21  Extended Thermal Lance  
  116  7:23  Probe  
  117  7:32  Pylon  
  117  7:34  Pylon  
  117  7:35  Nexus  
  117  7:36  Nexus  
  117  7:37  Pylon  
  117  7:48  Stalker x2  
  117  7:49  Observer, Stalker x2  
  125  7:57  Colossus x2 (Chrono Boost)  
  125  8:04  Photon Cannon  
  125  8:05  Shield Battery  
  137  8:14  Stalker x3  
  137  8:17  Pylon  
  143  8:32  Stalker  
  143  8:33  Stalker x2  
  149  8:35  Observer  
  149  8:37  Pylon  
  149  8:46  Stalker x4  
  157  8:54  Pylon  
  156  9:05  Stalker x4  
  156  9:09  Stalker x4  
  152  9:36  Stalker x7  
  152  9:37  Stalker  

Tags
 
Add a new tag
Caveats
  • Supply blocks, unpowered buildings, or Contaminate may cause inaccurate times.
  • Supply counts are checked every 10 seconds.